Map: Prion Terraces

Players

BunnyWillis - Winner!

  • Race: Terran Terran
  • League: Grandmaster

yvz

  • Race: Zerg Zerg
  • League: Master

VOD

Have the link to the VOD?

Description

Time

  • Played on: Nov. 22, 2015, 10:01 p.m.
  • Length: 11:41
Show
View Real Time Build Order
Export as new Build Order

BunnyWillis Terran - Winner!

Build Orders: Reaper Expand, Hellion Banshee, MMM Bio 

Get SALT Encoding   

  12  0:01  SCV  
  13  0:13  SCV  
  14  0:17  Supply Depot  
  14  0:25  SCV  
  15  0:39  SCV  
  15  0:40  Barracks  
  16  0:44  Refinery  
  16  0:51  SCV  
  17  1:03  SCV  
  18  1:15  SCV  
  19  1:28  Reaper, Orbital Command  
  20  1:50  Command Center  
  20  1:55  SCV  
  20  2:00  Supply Depot  
  20  2:01  Barracks Reactor  
  21  2:07  SCV  
  22  2:19  SCV  
  23  2:25  Factory  
  23  2:31  SCV  
  24  2:40  Marine x2  
  24  2:43  SCV  
  27  2:55  SCV, Refinery  
  27  2:58  Marine x2  
  31  3:08  SCV  
  31  3:09  Orbital Command  
  31  3:14  Starport, Bunker  
  31  3:21  SCV  
  31  3:24  Hellion x2  
  31  3:25  Barracks Tech Lab  
  36  3:31  Supply Depot  
  36  3:32  Supply Depot  
  36  3:33  SCV  
  37  3:35  SCV  
  38  3:45  SCV  
  38  3:46  Hellion x2  
  38  3:47  SCV  
  44  3:57  SCV  
  44  3:59  SCV  
  44  4:02  Banshee, Cloaking Field  
  45  4:03  Barracks Tech Lab  
  48  4:11  Hellion x2  
  48  4:14  SCV x2  
  54  4:18  Supply Depot  
  54  4:22  Stimpack  
  54  4:23  Marine  
  55  4:26  SCV x2  
  57  4:37  Hellion  
  57  4:38  SCV, Hellion  
  61  4:40  SCV  
  61  4:43  Armory  
  61  4:44  Supply Depot  
  63  4:47  Supply Depot  
  63  4:51  SCV  
  63  4:52  SCV  
  65  4:55  Banshee, Marine  
  69  5:04  SCV  
  69  5:06  SCV  
  71  5:07  Supply Depot  
  71  5:16  SCV  
  71  5:18  SCV  
  73  5:26  Engineering Bay  
  73  5:27  Engineering Bay  
  73  5:28  SCV  
  70  5:29  Marine  
  70  5:30  SCV, Factory Reactor  
  72  5:38  Refinery  
  72  5:40  SCV  
  72  5:41  Command Center  
  72  5:42  SCV  
  74  5:47  Marine  
  75  5:52  SCV  
  75  5:54  SCV  
  71  6:04  SCV  
  71  6:05  Marine  
  71  6:06  Barracks x2  
  71  6:07  SCV  
  69  6:12  Missile Turret  
  69  6:16  SCV  
  69  6:17  Missile Turret  
  69  6:18  Missile Turret  
  66  6:19  SCV  
  66  6:21  Factory Reactor, Bunker  
  66  6:22  Marine  
  68  6:27  Starport Reactor  
  68  6:28  SCV  
  68  6:29  Combat Shields  
  68  6:31  SCV, Bunker x2  
  70  6:34  Terran Infantry Weapons Level 1  
  70  6:37  Terran Infantry Armor Level 1  
  70  6:40  SCV  
  70  6:42  Marine  
  70  6:46  Refinery  
  72  6:55  Marine x2  
  72  6:56  Barracks  
  72  6:57  Barracks  
  72  7:00  Orbital Command  
  74  7:02  Supply Depot  
  74  7:08  Widow Mine x2  
  74  7:14  Medivac x2  
  82  7:18  Marine x3  
  82  7:19  Marine  
  82  7:21  Marine  
  87  7:26  Orbital Command  
  87  7:35  Barracks  
  87  7:36  SCV x2  
  89  7:44  Marine x2  
  89  7:45  Barracks Reactor, Marine x2  
  89  7:46  Barracks Reactor  
  89  7:47  Medivac x2  
  89  7:50  Widow Mine, Marauder  
  101  7:51  Widow Mine  
  101  7:57  Missile Turret  
  103  7:59  Missile Turret  
  103  8:02  Supply Depot  
  103  8:03  Supply Depot  
  103  8:08  SCV  
  103  8:09  Marine  
  103  8:10  Marine x2  
  104  8:21  Widow Mine x2  
  104  8:22  Marauder x2, Marine x5  
  117  8:27  Marine  
  118  8:34  Missile Turret  
  118  8:35  Armory  
  118  8:37  Terran Infantry Weapons Level 2, Terran Infantry Armor Level 2  
  118  8:46  Marine x2  
  118  8:47  Marine x5  
  118  8:48  Marauder x2, Barracks, Missile Turret, Marine  
  130  8:49  Barracks  
  130  8:51  Missile Turret x2  
  130  8:52  Missile Turret  
  130  8:54  Supply Depot  
  130  8:55  Supply Depot  
  130  8:56  Supply Depot  
  130  8:58  Supply Depot  
  130  8:59  Missile Turret  
  130  9:12  Marine x3  
  130  9:13  Missile Turret  
  130  9:15  Marine x2, Widow Mine  
  130  9:16  Marauder x2, Marine x2, Widow Mine  
  145  9:22  Supply Depot  
  145  9:23  Supply Depot  
  145  9:29  Marine  
  145  9:30  Marine x3  
  149  9:33  Marine x2  
  149  9:35  Medivac  
  149  9:36  Medivac  
  149  9:37  Marauder x2  
  141  9:56  Marine x2  
  141  9:57  Marine x3  
  106  10:02  Marine x4  
  106  10:03  Marine x3  
  106  10:05  Medivac, Widow Mine x2  
  106  10:06  Medivac  
  118  10:14  Marine x3  
  118  10:15  Marine x2  
  118  10:20  Marine  
  128  10:21  Marauder x2  
  128  10:23  Command Center  
  128  10:26  Marine  
  129  10:33  Widow Mine  
  129  10:34  Widow Mine  
  133  10:37  Marine x4  
  133  10:38  Marine x2  
  133  10:39  Marine  
  144  10:43  Marauder x2  
  144  10:48  Marine x3  
  147  10:55  Marine x2  
  149  11:02  Widow Mine x2  
  155  11:04  Marauder  
  155  11:05  Marine x4  
  155  11:06  Marauder, Marine x3  
Show
View Real Time Build Order
Export as new Build Order

yvz Zerg 

Build Orders: Hatch First, Muta Ling Bane 

Get SALT Encoding   

  12  0:00  Drone  
  13  0:13  Overlord  
  13  0:20  Drone  
  14  0:32  Drone  
  14  0:33  Drone  
  16  0:44  Drone  
  17  0:55  Hatchery, Drone  
  17  1:02  Extractor  
  16  1:11  Spawning Pool  
  15  1:14  Drone  
  15  1:18  Drone  
  17  1:26  Drone  
  18  1:37  Drone  
  19  1:50  Overlord  
  19  1:57  Queen  
  19  2:00  Drone  
  22  2:07  Queen  
  22  2:08  Zergling x2  
  25  2:09  Metabolic Boost  
  25  2:10  Zergling x2  
  26  2:18  Zergling x2  
  26  2:20  Drone  
  28  2:31  Drone x2  
  30  2:43  Overlord, Queen  
  30  2:44  Drone  
  33  2:51  Drone  
  33  2:54  Overlord  
  34  3:01  Drone  
  35  3:06  Drone  
  35  3:12  Drone x2  
  38  3:13  Drone x2  
  38  3:17  Drone  
  41  3:22  Drone  
  43  3:27  Drone x4  
  46  3:37  Drone  
  46  3:38  Extractor  
  46  3:41  Lair  
  46  3:42  Evolution Chamber, Drone x3  
  46  3:43  Drone, Extractor  
  46  3:48  Drone  
  49  3:57  Drone x3  
  52  4:08  Spore Crawler  
  51  4:12  Spore Crawler  
  50  4:17  Drone x2  
  50  4:18  Overlord  
  50  4:19  Overlord  
  52  4:27  Overlord  
  52  4:30  Zerg Melee Weapons Level 1  
  52  4:36  Overlord  
  52  4:39  Zergling x2  
  52  4:40  Zergling x10  
  52  4:45  Spire, Zergling x2  
  57  4:46  Extractor, Zergling x6  
  57  4:51  Drone  
  61  4:53  Drone, Baneling Nest  
  61  5:02  Drone  
  61  5:05  Drone  
  63  5:11  Drone  
  64  5:18  Evolution Chamber  
  61  5:24  Drone  
  61  5:25  Drone x6  
  64  5:39  Zergling x2  
  64  5:40  Overseer x2, Zergling x2  
  66  5:43  Zergling x2  
  66  5:44  Zerg Ground Armor Level 1, Zergling x2  
  66  5:45  Zergling x2  
  66  5:46  Zergling x2  
  69  5:51  Zergling x2  
  69  5:52  Zergling x4  
  69  5:53  Zergling x2  
  65  5:59  Zergling x4  
  65  6:08  Zergling x2  
  65  6:10  Zergling x2  
  64  6:13  Spire  
  62  6:19  Zergling x2  
  62  6:20  Zergling x2  
  64  6:30  Zerg Melee Weapons Level 2  
  64  6:31  Zergling x4  
  66  6:33  Hatchery, Centrifical Hooks  
  65  6:41  Spore Crawler  
  65  6:42  Zergling x4  
  66  6:51  Queen  
  66  6:53  Zergling x4  
  66  6:54  Zergling x2  
  71  6:59  Zergling x2  
  71  7:00  Zergling x2  
  73  7:02  Zergling x2  
  73  7:05  Zergling x2  
  75  7:15  Zergling x4  
  77  7:21  Extractor  
  77  7:22  Hatchery, Baneling x3  
  75  7:23  Baneling x3  
  75  7:25  Mutalisk, Zergling x2, Extractor  
  75  7:26  Mutalisk, Zergling x2  
  80  7:30  Mutalisk x2  
  80  7:32  Overlord x2  
  84  7:41  Zerg Ground Armor Level 2  
  84  7:42  Overlord  
  84  7:44  Overlord  
  84  7:50  Overlord x2  
  85  7:51  Zergling x6  
  85  7:55  Mutalisk x2  
  91  8:00  Mutalisk  
  93  8:06  Mutalisk  
  93  8:09  Mutalisk  
  97  8:16  Drone x5  
  97  8:19  Mutalisk  
  102  8:23  Zergling x6  
  102  8:25  Zergling x6  
  110  8:28  Drone  
  110  8:32  Mutalisk  
  113  8:35  Zergling x4  
  113  8:38  Zergling x2  
  113  8:39  Zerg Flyer Weapons Level 1  
  117  8:41  Drone  
  117  8:44  Drone, Queen  
  117  8:45  Drone  
  117  8:47  Mutalisk  
  117  8:48  Overlord  
  123  8:49  Zergling x2  
  123  8:53  Mutalisk  
  123  8:54  Overlord  
  126  9:11  Zergling x4  
  126  9:12  Zergling x16  
  126  9:16  Drone x3  
  139  9:30  Baneling x8  
  139  9:31  Baneling x12  
  139  9:35  Zergling x4  
  139  9:36  Zergling x2  
  127  9:54  Zergling x2  
  127  9:55  Zergling x2  
  127  9:56  Zergling x2  
  127  9:57  Zergling x12  
  96  10:03  Zergling x4  
  98  10:09  Zergling x6  
  98  10:10  Zergling x8  
  101  10:17  Zergling x8  
  101  10:18  Zergling x12  
  101  10:19  Zergling x2  
  112  10:25  Baneling  
  112  10:26  Baneling x8  
  112  10:29  Baneling  
  112  10:30  Baneling x4  
  112  10:33  Infestation Pit  
  111  10:37  Zergling x6  
  111  10:38  Baneling  
  111  10:39  Hatchery, Baneling x3  
  111  10:40  Baneling  
  113  10:50  Zergling x6  
  113  10:51  Zergling x10  
  113  10:52  Zergling x2  
  113  10:56  Zergling x2  
  113  10:57  Overseer, Zergling x4  
  123  11:07  Zergling x2  
  123  11:08  Zergling x8  
  99  11:18  Zergling x4  
  99  11:21  Zergling x2  
  99  11:22  Zergling x8  
  99  11:23  Zergling x8  
Tags
 
Add a new tag
Caveats
  • Supply blocks, unpowered buildings, or Contaminate may cause inaccurate times.
  • Supply counts are checked every 10 seconds.